 Dungeon Crawl Stone Soup version 0.30.0-29-ga12c61a403 (webtiles) character file.

Game seed: 12980242694023650419

208041 Peloso the Peltast (level 18, -14/171 HPs)
             Began as a Minotaur Fighter on June 25, 2023.
             Was an Elder of Okawaru.
             Demolished by a tyrant leech (23 damage)
             ... on level 3 of the Swamp.
             The game lasted 01:36:18 (42440 turns).

Peloso the Peltast (Minotaur Fighter)              Turns: 42440, Time: 01:36:19

Health: -14/171    AC: 22    Str: 30    XL:     18   Next: 49%
Magic:  18/19      EV: 15    Int:  5    God:    Okawaru [****..]
Gold:   2069       SH: 25    Dex: 15    Spells: 17/17 levels left

rFire   + . .        a - +8 falchion of the Bellicose God {elec, +Blink Dex+3}
rCold   . . .        d - +2 kite shield {reflect}
rNeg    . . .        A - +0 swamp dragon scales
rPois   +            (helmet restricted)
rElec   .            y - +2 cloak
rCorr   +            (no gloves)
SInv    .            i - +2 pair of boots {Fly}
Will    +....        I - amulet of reflection
Stlth   ++++         K - ring of Dete {rCorr Str+3 Stlth+}
HPRegen 0.48/turn    T - ring of protection from fire
MPRegen 0.16/turn

%: reflection
@: heroic, grasped by roots, flying, constricted, studying Long Blades
A: horns 2, retaliatory headbutt
a: Renounce Religion, Evoke Blink, Heroism, Finesse


You were on level 3 of the Swamp.
You worshipped Okawaru.
Okawaru was greatly pleased with you.
You visited 6 branches of the dungeon, and saw 29 of its levels.
You also visited: Ossuary and Bailey.

You collected 3311 gold pieces.
You spent 1242 gold pieces at shops.

Inventory:

Hand Weapons
 a - the +8 falchion of the Bellicose God (weapon) {elec, +Blink Dex+3}
   (You bought it in a shop on level 1 of the Dungeon)

   Dex:       It affects your dexterity (+3).
   +Blink:    It lets you blink.
 b - the +1 falchion "Meohynga" {flame, Str+2 SInv}
   (You bought it in a shop on level 1 of the Dungeon)

   Str:       It affects your strength (+2).
   SInv:      It lets you see invisible.
 c - the +3 scimitar of Light {antimagic, Fly}
   (Okawaru gifted it to you on level 9 of the Dungeon)

   Fly:       It grants you flight.
Armour
 d - a +2 kite shield of reflection (worn)
 i - a +2 pair of boots of flying (worn)
 k - the +3 plate armour of Okawaru's Esteem {Int+3}
   (Okawaru gifted it to you on level 11 of the Dungeon)

   Int:       It affects your intelligence (+3).
 y - a +2 cloak (worn)
 A - +0 swamp dragon scales (worn)
 G - the +8 plate armour of Whack-A-Mole {rF- Str+3 Int+5}
   (Okawaru gifted it to you on level 10 of the Dungeon)

   Str:       It affects your strength (+3).
   Int:       It affects your intelligence (+5).
   rF:        It makes you vulnerable to fire.
Jewellery
 h - a ring of protection from cold
 q - a +5 ring of evasion
 t - a +4 ring of protection
 C - a ring of protection from cold
 I - an amulet of reflection (around neck)
 K - the ring of Dete (left hand) {rCorr Str+3 Stlth+}
   (You found it on level 3 of the Swamp)

   [ring of resist corrosion]

   Str:       It affects your strength (+3).
   rCorr:     It protects you from acid and corrosion.
   Stlth:     It makes you more stealthy.
 T - a ring of protection from fire (right hand)
Wands
 s - a wand of mindburst (6)
 B - a wand of iceblast (5)
 J - a wand of polymorph (2)
Scrolls
 e - 7 scrolls of teleportation
 g - 8 scrolls of noise
 l - 13 scrolls of identify
 u - 5 scrolls of poison
 v - 2 scrolls of enchant weapon
 w - 7 scrolls of immolation
 D - 2 scrolls of enchant armour
 H - 7 scrolls of fear
 Q - 5 scrolls of magic mapping
 U - 3 scrolls of fog
Potions
 f - 6 potions of might
 j - 16 potions of curing
 m - a potion of cancellation
 n - 2 potions of mutation
 o - 11 potions of flight
 p - 9 potions of haste
 x - 4 potions of heal wounds
 z - 2 potions of berserk rage
 E - a potion of magic
 F - 4 potions of invisibility
 L - 2 potions of resistance
Miscellaneous
 r - a phantom mirror


   Skills:
 + Level 17.6(22.6) Fighting
 + Level 20.5(25.5) Long Blades
 + Level 2.2(7.2) Maces & Flails
 + Level 18.0(23.0) Armour
 + Level 8.2(13.2) Dodging
 + Level 3.9(8.9) Stealth
 + Level 20.8(25.8) Shields
 + Level 3.6 Invocations
 + Level 1.2 Evocations


You had 17 spell levels left.
You didn't know any spells.
Your spell library contained the following spells:

 Spells                   Type           Power      Damage    Failure   Level
 Apportation              Tloc           0%         N/A       54%         1
 Foxfire                  Conj/Fire      0%         2x1d4     54%         1
 Necrotise                Necr           0%         1d4       54%         1
 Sandblast                Erth           0%         2d4       54%         1
 Sting                    Tmut/Pois      0%         1d3       54%         1
 Blink                    Tloc           0%         N/A       69%         2
 Cigotuvi's Dreadful Rot  Necr/Pois/Air  0%         N/A       69%         2
 Ensorcelled Hibernation  Hex/Ice        0%         N/A       69%         2
 Lesser Beckoning         Tloc           0%         N/A       69%         2
 Momentum Strike          Conj/Tloc      0%         3d8       69%         2
 Passwall                 Tmut/Erth      0%         N/A       69%         2
 Poisonous Vapours        Pois/Air       0%         N/A       69%         2
 Scorch                   Fire           0%         2d5       69%         2
 Static Discharge         Conj/Air       0%         2-2/arc   69%         2
 Sublimation of Blood     Necr           0%         N/A       69%         2
 Wereblood                Tmut           0%         N/A       69%         2
 Dazzling Flash           Conj/Hex       0%         N/A       89%         3
 Gell's Gravitas          Tloc           0%         N/A       89%         3
 Hailstorm                Conj/Ice       0%         3d3       89%         3
 Ignite Poison            Fire/Tmut/Pois 0%         N/A       89%         3
 Ozocubu's Armour         Ice            0%         N/A       89%         3
 Portal Projectile        Hex/Tloc       0%         N/A       89%         3
 Spider Form              Tmut/Pois      0%         N/A       89%         3
 Stone Arrow              Conj/Erth      0%         3d7       89%         3
 Swiftness                Air            0%         N/A       89%         3
 Teleport Other           Tloc           0%         N/A       89%         3
 Vampiric Draining        Necr           0%         2d6       89%         3
 Volatile Blastmotes      Fire/Tloc      0%         2d10      89%         3
 Airstrike                Air            0%         2d(0-16)  100%        4
 Anguish                  Hex/Necr       0%         N/A       100%        4
 Flame Wave               Conj/Fire      0%         2d4       100%        4
 Fulminant Prism          Conj/Hex       0%         3d5       100%        4
 Ice Form                 Ice/Tmut       0%         N/A       100%        4
 Iskenderun's Mystic Bla  Conj/Tloc      0%         2d3       100%        4
 Leda's Liquefaction      Hex/Erth       0%         N/A       100%        4
 Olgreb's Toxic Radiance  Pois           0%         N/A       100%        4
 Petrify                  Tmut/Erth      0%         N/A       100%        4
 Sticky Flame             Conj/Fire      0%         2d3       100%        4
 Agony                    Necr           0%         N/A       100%        5
 Fireball                 Conj/Fire      0%         3d3       100%        5
 Freezing Cloud           Conj/Ice/Air   0%         6-21      100%        5
 Lee's Rapid Deconstruct  Erth           0%         3d4*      100%        5
 Metabolic Englaciation   Hex/Ice        0%         N/A       100%        5
 Silence                  Hex/Air        0%         N/A       100%        5
 Plasma Beam              Fire/Air       0%         2x1d11    100%        6
 Starburst                Conj/Fire      0%         6d3       100%        6
 Statue Form              Tmut/Erth      0%         N/A       100%        6
 Ozocubu's Refrigeration  Ice            0%         4d7       100%        7
 Storm Form               Tmut/Air       0%         N/A       100%        7
 Ignition                 Fire           0%         3d3       100%        8
 Lehudib's Crystal Spear  Conj/Erth      0%         10d2      100%        8
 Maxwell's Capacitive Co  Air            0%         ∞         100%        8
 Summon Small Mammal      Summ           Unusable   N/A       N/A         1
 Call Canine Familiar     Summ           Unusable   N/A       N/A         3
 Summon Lightning Spire   Summ/Air       Unusable   N/A       N/A         4
 Simulacrum               Ice/Necr       Unusable   N/A       N/A         6
 Summon Cactus Giant      Summ           Unusable   N/A       N/A         6
 Summon Hydra             Summ           Unusable   N/A       N/A         7

Dungeon Overview and Level Annotations

Branches:
Dungeon (15/15)            Temple (1/1) D:4            Lair (5/5) D:9
  Swamp (4/4) Lair:3       Spider (2/4) Lair:2        Slime (0/5) Lair:5
    Orc (2/2) D:10            Elf (0/3) Orc:2        Vaults (0/5) D:13
 Depths (0/4) D:15        Ossuary (visited)          Bailey (visited)

Altars:
Ashenzari
Cheibriados
Dithmenos
Elyvilon
Fedhas
Okawaru
Qazlal
Ru
Sif Muna
Trog
Uskayaw
Vehumet
Wu Jian
Xom
Yredelemnul
Zin
The Shining One
Jiyva

Shops:
D:1 (   D:6 (   D:12 **   D:13 *   Orc:2 ((!!

Portals:
Trove: D:11 (give 5 potions of resistance)

Annotations:
Lair:1 Casa


Innate Abilities, Weirdness & Mutations

You have a pair of horns on your head.
You reflexively headbutt those who attack you in melee.


Message History

The hornet is almost dead.
You block the hornet's attack. x3; The grasping roots constrict you!
* * * LOW HITPOINT WARNING * * *
Unknown command.
You slash the hornet!
You kill the hornet!
Okawaru accepts your kill. You block the hornet's attack. x2
Unknown command.
You slash the hornet! You headbutt the hornet.
The hornet is heavily wounded.
You block the hornet's attack. x2; The grasping roots constrict you!
* * * LOW HITPOINT WARNING * * *
Unknown command.
You hit the hornet. Lightning courses through the hornet!
The hornet is almost dead.
You block the hornet's attack. The hornet misses you. You furiously retaliate!
You headbutt the hornet!
You kill the hornet!
Okawaru accepts your kill.
Unknown command.
You slash the hornet!
The hornet is moderately wounded.
The hornet closely misses you. The grasping roots constrict you.
* * * LOW HITPOINT WARNING * * *
Unknown command.
You slice the hornet!!
The hornet is almost dead.
You block the tyrant leech's attack. You block the hornet's attack.
Unknown command.
You slice the hornet!!
You kill the hornet!
Okawaru accepts your kill. The grasping roots constrict you!
* * * LOW HITPOINT WARNING * * *
Unknown command.
You hit the shambling mangrove but do no damage.
The shambling mangrove is severely damaged.
The tyrant leech bites you!!
You die...

♣♣♣....~...♣♣♣♣♣~.~~.~~~~
♣♣♣.<♣~~..~♣>♣♣~~~.....
♣♣~~~~.§~~♣.†.§~~~...♣
♣~~~~.♣.~~~...~~§.~.♣.
♣♣♣~~.♣.§~~~♣~.....♣♣.)
♣~~~~.~.~~~...~~...~...
♣.~~~~~~~~~~~~~~.~~.~~.
♣♣...♣wf~~.~~~~~:♣♣~.~.
♣♣♣~....@~~~)~~~§~.♣♣~♣♣♣
♣♣~...~♣.~~~...~~~~....~♣.
♣.~~...~.~~~..~...~.~...~.
♣.~~.~..~...~~~♣~~♣♣.~..~~
♣♣..♣♣♣♣♣♣♣~♣♣♣♣♣♣♣~.~~.♣~
♣♣♣♣ ♣♣♣ ♣♣~~.§.. ♣..~~.~
♣♣~.♣♣. ♣♣♣♣♣♣


You could see a shambling mangrove and a tyrant leech.

Vanquished Creatures
  5 acid blobs (D:11)
  A tentacled monstrosity (Swamp:3)
  Kirke (Lair:2)
  2 thorn hunters
  3 azure jellies
  Roxanne (Spider:1)
  Gastronok (D:8)
  Donald (Spider:2)
  A ghost moth (Spider:2)
  Louise (Spider:1)
  The ghost of MackTheFife the Severer, a journeyman OgFi of Okawaru (D:11)
  An emperor scorpion (Spider:2)
  The ghost of Banquo the Eclecticist, a journeyman DEFE of Vehumet (Swamp:1)
  A quicksilver ooze (D:11)
  Nessos (Orc:2)
  A broodmother (Spider:2)
  The ghost of Quickbrownfox the Destroyer, a journeyman DsCj of Vehumet (Lair:4)
  2 eleionomae
  A bunyip (Swamp:3)
  Snorg (Orc:2)
  Josephine (D:10)
  An ettin (D:15)
  A fire dragon (D:14)
  The ghost of Graphine the Cleaver, a journeyman HOFi of Makhleb (Lair:1)
  A great orb of eyes (D:14)
  A shambling mangrove (Swamp:3)
  The ghost of Peloso the Carver, a journeyman MiFi of Okawaru (Lair:1)
  An ice dragon (D:14)
  The ghost of Graphine the Hand of Fortune, a journeyman DsMo of Nemelex Xobeh (Lair:1)
  18 hydras
  A ghost crab (Swamp:1)
  8 vault guards (D:13)
  6 ogre magi
  13 centaur warriors
  A jorogumo (Spider:2)
  An ice dragon (shapeshifter) (D:15)
  3 catoblepae
  4 boulder beetles
  The ghost of ChadusMaximus the Summoner, a journeyman BaSu of Hepliaklqana (Lair:1)
  17 two-headed ogres
  7 alligators
  2 radroaches
  A deep troll shaman (Lair:5)
  An orc high priest (Orc:2)
  6 death yaks (Lair:5)
  3 tengu warriors
  A hell knight (D:15)
  2 sun moths
  4 skeletal warriors (D:14)
  2 skysharks (Lair:5)
  7 goliath frogs
  A death drake (Swamp:1)
  A fire crab (Lair:4)
  2 pharaoh ants
  4 deep trolls
  3 orb spiders
  A spriggan druid (Swamp:2)
  2 bog bodies
  5 orc knights
  5 steelbarb worms (Spider:2)
  14 swamp dragons
  Pikel (D:5)
  3 lindwurms
  6 wolf spiders
  An orc sorcerer (Orc:2)
  3 deep elf pyromancers
  3 cyclopes
  A manticore (D:15)
  7 will-o-the-wisps
  6 ugly things
  4 elephants (Lair:5)
  4 black mambas
  A molten gargoyle (D:14)
  2 demonic crawlers
  4 torpor snails
  2 gargoyles
  9 cane toads
  6 freezing wraiths
  8 komodo dragons
  6 rime drakes
  2 yaktaurs
  A yaktaur (shapeshifter) (D:13)
  3 tengu conjurers
  4 trolls
  A meliai (shapeshifter) (D:14)
  8 tyrant leeches
  5 polar bears
  17 blink frogs
  A tarantella (shapeshifter) (D:13)
  6 tarantellas
  17 hornets
  10 dream sheep
  7 culicivoras
  16 slime creatures
  10 jumping spiders
  Sigmund (D:4)
  4 basilisks
  6 wraiths
  10 spriggans
  2 wyverns
  A human (shapeshifter) (D:15)
  59 yaks
  3 steam dragons
  3 humans (Lair:2)
  A basilisk (shapeshifter) (D:15)
  16 redbacks
  6 vampire mosquitoes
  2 wargs
  12 swamp worms
  Menkaure (D:4)
  Duvessa (D:4)
  An acid dragon (D:13)
  14 water moccasins
  A sky beast (D:8)
  6 swamp drakes
  29 orc warriors
  6 black bears
  2 ice beasts
  32 ogres
  9 wolves
  A boggart (D:14)
  15 centaurs
  3 lemures (D:5)
  A kobold brigand (D:9)
  4 elf zombies (Ossuary)
  18 bullfrogs
  Blork the orc (D:5)
  A gnoll sergeant (D:7)
  4 scorpions
  Dowan (D:4)
  18 killer bees
  12 howler monkeys
  2 electric eels (Lair:5)
  4 hounds
  3 jellies
  3 centaur zombies (Ossuary)
  5 human zombies (Ossuary)
  14 orc priests
  2 sleepcaps
  Crazy Yiuf (D:6)
  Ijyb (D:5)
  Terence (D:2)
  An iguana (D:4)
  Natasha (twice) (D:3)
  18 orc wizards
  2 lightning spires (Swamp:1)
  4 mummies
  15 gnolls
  Robin (D:3)
  6 adders
  A shadow imp (D:5)
  2 white imps
  An ufetubus (D:4)
  2 worms
  A dart slug (D:3)
  97 orcs
  5 bats
  9 endoplasms
  4 giant cockroaches
  19 goblins
  12 hobgoblins
  19 kobolds
  3 quokkas
  3 ball pythons
  3 frilled lizards
  6 rats
948 creatures vanquished.

Vanquished Creatures (others)
  An eleionoma (Swamp:4)
  A yak (D:12)
  A redback (Spider:1)
  2 ball lightnings (Swamp:1)
  36 foxfires
41 creatures vanquished.

Grand Total: 989 creatures vanquished

Notes
Turn   | Place    | Note
-------+----------+-------------------------------------------
     0 | D:1      | Peloso the Minotaur Fighter began the quest for the Orb.
     0 | D:1      | Reached XP level 1. HP: 19/19 MP: 0/0
   139 | D:1      | Reached XP level 2. HP: 27/27 MP: 1/1
   162 | D:1      | Found a faded altar of an unknown god.
   320 | D:1      | Found Emowoept's Weapon Shoppe.
   787 | D:2      | Reached XP level 3. HP: 31/33 MP: 2/2
   862 | D:2      | Noticed Terence
   863 | D:2      | Reached XP level 4. HP: 29/40 MP: 3/3
   973 | D:2      | Killed Terence
  1200 | D:2      | Found a white marble altar of Elyvilon.
  1576 | D:3      | Reached XP level 5. HP: 47/47 MP: 4/4
  1862 | D:3      | Noticed Natasha
  1870 | D:3      | Killed Natasha
  2100 | D:3      | Found a snail-covered altar of Cheibriados.
  2275 | D:3      | Reached skill level 5 in Armour
  2285 | D:3      | Reached skill level 5 in Long Blades
  2532 | D:3      | Noticed Robin
  2554 | D:3      | Reached XP level 6. HP: 49/53 MP: 5/5
  2559 | D:3      | Killed Robin
  2658 | D:3      | Noticed Natasha
  2664 | D:3      | Killed Natasha
  2980 | D:4      | Noticed Menkaure
  2987 | D:4      | Killed Menkaure
  2988 | D:4      | Reached skill level 1 in Dodging
  3158 | D:4      | Found a staircase to the Ecumenical Temple.
  3167 | Temple   | Entered the Ecumenical Temple
  3175 | Temple   | Became a worshipper of Warmaster Okawaru
  3189 | D:4      | Noticed Dowan
  3189 | D:4      | Noticed Duvessa
  3218 | D:4      | Killed Duvessa
  3219 | D:4      | Reached skill level 5 in Fighting
  3219 | D:4      | Reached skill level 5 in Shields
  3219 | D:4      | Reached XP level 7. HP: 36/61 MP: 6/6
  3223 | D:4      | Killed Dowan
  3479 | D:4      | Noticed Sigmund
  3489 | D:4      | Killed Sigmund
  3817 | D:5      | Entered Level 5 of the Dungeon
  3897 | D:5      | Noticed Pikel
  3952 | D:5      | Killed Pikel
  3952 | D:5      | Reached * piety under Okawaru
  3953 | D:5      | Reached XP level 8. HP: 48/70 MP: 7/7
  4106 | D:5      | Noticed Blork the orc
  4131 | D:5      | Killed Blork the orc
  4155 | D:5      | Reached ** piety under Okawaru
  4533 | D:5      | Noticed Ijyb
  4544 | D:5      | Killed Ijyb
  4651 | D:5      | Found a glowing golden altar of the Shining One.
  4661 | D:5      | Reached skill level 10 in Long Blades
  4661 | D:5      | Reached XP level 9. HP: 75/75 MP: 8/8
  4916 | D:6      | Reached *** piety under Okawaru
  5036 | D:6      | Found Tuamn's Weapon Shoppe.
  5045 | D:6      | Found a sand-covered staircase.
  5054 | Ossuary  | Entered an ossuary
  5092 | Ossuary  | Reached skill level 1 in Invocations
  5711 | D:6      | Found a runed translucent door.
  5712 | D:6      | Noticed Crazy Yiuf
  6232 | D:6      | Reached XP level 10. HP: 86/86 MP: 10/10
  6360 | D:6      | Killed Crazy Yiuf
  7458 | D:8      | Found a radiant altar of Vehumet.
  7556 | D:8      | Reached **** piety under Okawaru
  8139 | D:8      | Noticed Gastronok
  8171 | D:8      | Killed Gastronok
  8171 | D:8      | Reached ***** piety under Okawaru
  8172 | D:8      | Reached skill level 1 in Stealth
  8482 | D:9      | Identified the +3 scimitar of Light {antimagic, Fly}
                  | (Okawaru gifted it to you on level 9 of the Dungeon)
  8482 | D:9      | Received a gift from Okawaru
  8493 | D:9      | Reached XP level 11. HP: 92/95 MP: 11/11
  8829 | D:9      | Found a staircase to the Lair.
  9065 | D:9      | Found a broken altar of Ashenzari.
  9065 | D:9      | Found an ornate altar of the Wu Jian Council.
  9065 | D:9      | Found a basalt altar of Yredelemnul.
  9065 | D:9      | Found a bloodstained altar of Trog.
  9066 | D:9      | Found a sacrificial altar of Ru.
  9067 | D:9      | Found a shimmering blue altar of Sif Muna.
  9068 | D:9      | Found a glowing silver altar of Zin.
  9069 | D:9      | Found a white marble altar of Elyvilon.
  9216 | D:9      | Found a shimmering altar of Xom.
  9254 | D:10     | Entered Level 10 of the Dungeon
  9287 | D:10     | Found a staircase to the Orcish Mines.
  9547 | D:10     | Found a flagged portal.
  9564 | Bailey   | Entered a bailey
  9698 | Bailey   | Noticed an orc knight
  9722 | Bailey   | Killed an orc knight
 10264 | D:10     | Reached skill level 10 in Armour
 10270 | D:10     | Reached skill level 10 in Fighting
 10381 | D:10     | Noticed Josephine
 10392 | D:10     | Killed Josephine
 10392 | D:10     | Identified the +8 plate armour of Whack-A-Mole {rF- Str+3
                  | Int+5} (Okawaru gifted it to you on level 10 of the
                  | Dungeon)
 10392 | D:10     | Received a gift from Okawaru
 11048 | D:1      | Bought the +8 falchion of the Bellicose God {elec, +Blink
                  | Dex+3} for 678 gold pieces
 11277 | D:11     | Noticed a centaur warrior
 11290 | D:11     | Killed a centaur warrior
 11498 | D:11     | Reached skill level 15 in Long Blades
 11627 | D:11     | Found a portal to a secret trove of treasure.
 11897 | D:11     | Reached ****** piety under Okawaru
 11968 | D:11     | Found an ornate altar of the Wu Jian Council.
 12173 | Lair:1   | Entered Level 1 of the Lair of Beasts
 12222 | Lair:1   | Reached XP level 12. HP: 99/108 MP: 12/12
 12389 | Lair:1   | Found a runed translucent gate.
 12389 | Lair:1   | Found a runed translucent gate.
 12389 | Lair:1   | Found a runed translucent gate.
 12389 | Lair:1   | Noticed Graphine's ghost (journeyman HOFi)
 12389 | Lair:1   | Noticed Graphine's ghost (journeyman DsMo)
 12390 | Lair:1   | Noticed ChadusMaximus's ghost (journeyman BaSu)
 12390 | Lair:1   | Noticed Peloso's ghost (journeyman MiFi)
 13252 | Lair:1   | Got the Almanac of Infinity
 13590 | Lair:2   | Reached skill level 10 in Shields
 13956 | Lair:2   | Identified the +5 scimitar "Veetif" {pain, rC+ Dex+6}
                  | (Okawaru gifted it to you on level 2 of the Lair of Beasts)
 13956 | Lair:2   | Received a gift from Okawaru
 14011 | Lair:2   | Noticed a catoblepas
 14022 | Lair:2   | Killed a catoblepas
 14067 | Lair:2   | Found a hole to the Spider Nest.
 14214 | Lair:2   | Noticed a boulder beetle
 14238 | Lair:2   | Killed a boulder beetle
 14581 | Lair:3   | Identified the +6 dagger "Gixkawk" {freeze, rF+ Str+3}
 14829 | Lair:3   | Identified the +1 hat "Tasipn" {rElec Str+5 Dex-5} (Okawaru
                  | gifted it to you on level 3 of the Lair of Beasts)
 14829 | Lair:3   | Received a gift from Okawaru
 15046 | Lair:3   | Found a staircase to the Swamp.
 15063 | Lair:3   | Reached XP level 13. HP: 118/118 MP: 13/13
 15613 | Orc:1    | Entered Level 1 of the Orcish Mines
 15715 | Orc:2    | Entered Level 2 of the Orcish Mines
 15715 | Orc:2    | Found a staircase to the Elven Halls.
 15919 | Orc:2    | Noticed Snorg
 15931 | Orc:2    | Killed Snorg
 16183 | Orc:2    | Reached skill level 5 in Dodging
 16197 | Orc:2    | Noticed Nessos
 16473 | Orc:2    | Paralysed by an ogre mage for 2 turns
 16481 | Orc:1    | Identified the +2 robe of Freedom {rN+} (Okawaru gifted it
                  | to you on level 1 of the Orcish Mines)
 16481 | Orc:1    | Received a gift from Okawaru
 17057 | Orc:2    | Killed Nessos
 17460 | Orc:2    | Paralysed by an ogre mage for 3 turns
 17519 | Orc:2    | Found Selih's Weapon Emporium.
 17520 | Orc:2    | Found Degeu's Antique Weapon Boutique.
 17520 | Orc:2    | Found Aphymuogh's Distillery.
 17520 | Orc:2    | Found Sechets's Distillery.
 17570 | Orc:2    | Bought a potion of mutation for 136 gold pieces
 18076 | Orc:2    | Bought a potion of resistance for 170 gold pieces
 18610 | D:12     | Found a runed translucent gate.
 18611 | D:12     | Found a runed translucent gate.
 18612 | D:12     | Found a runed translucent gate.
 18612 | D:12     | Noticed an acid blob
 18613 | D:12     | Noticed an azure jelly
 18613 | D:12     | Noticed an azure jelly
 18613 | D:12     | Noticed an acid blob
 18613 | D:12     | Noticed an azure jelly
 18613 | D:12     | Noticed MackTheFife's ghost (journeyman OgFi)
 18613 | D:12     | Noticed an acid blob
 18615 | D:12     | Noticed an azure jelly
 18615 | D:12     | Noticed a quicksilver ooze
 18616 | D:12     | Noticed an acid blob
 18616 | D:12     | Noticed an acid blob
 18707 | D:12     | Found Comn's General Store.
 18711 | D:12     | Found Kytwoloz's Specific Store.
 18761 | D:12     | Reached XP level 14. HP: 109/129 MP: 12/14
 18876 | D:12     | Noticed an acid blob
 18876 | D:12     | Found a viscous altar of Jiyva.
 19397 | D:13     | Identified the +1 robe "Wucwib" {rElec} (Okawaru gifted it
                  | to you on level 13 of the Dungeon)
 19397 | D:13     | Received a gift from Okawaru
 19578 | D:13     | Found Gohiozy's Overcharged Wands.
 19716 | D:13     | Found a gate to the Vaults.
 19775 | D:13     | Reached skill level 1 in Maces & Flails
 19794 | D:13     | Reached skill level 15 in Armour
 20289 | Lair:4   | Noticed Quickbrownfox's ghost (journeyman DsCj)
 20757 | Lair:4   | Found a transporter.
 20763 | Lair:4   | Found a transporter.
 21568 | D:1      | Bought the +1 falchion "Meohynga" {flame, Str+2 SInv} for
                  | 258 gold pieces
 21821 | Lair:5   | Entered Level 5 of the Lair of Beasts
 22082 | Lair:5   | Found a staircase to the Slime Pits.
 22169 | Lair:5   | Received a gift from Okawaru
 22870 | Lair:5   | Reached skill level 15 in Shields
 23219 | Lair:5   | Reached XP level 15. HP: 109/139 MP: 15/15
 23945 | D:14     | Identified the +9 dire flail of Departure {drain, Drain
                  | +Blink Str+3} (Okawaru gifted it to you on level 14 of the
                  | Dungeon)
 23945 | D:14     | Received a gift from Okawaru
 24353 | D:14     | Paralysed by a hornet for 3 turns
 25019 | D:14     | Reached skill level 15 in Fighting
 25052 | D:14     | Received a gift from Okawaru
 25301 | D:14     | Found a hide-covered altar of Uskayaw.
 25563 | D:15     | Entered Level 15 of the Dungeon
 25591 | D:14     | Paralysed by something for 5 turns
 26339 | D:15     | Got the Anthology of Cryomancy and Impurities
 26533 | D:15     | Received a gift from Okawaru
 26952 | D:15     | Reached XP level 16. HP: 151/151 MP: 17/17
 26995 | D:15     | Found a staircase to the Depths.
 28044 | Lair:1   | Killed Graphine's ghost
 28054 | Lair:1   | Killed ChadusMaximus's ghost
 28055 | Lair:1   | Reached XP level 17. HP: 116/158 MP: 18/18
 28073 | Lair:1   | Killed Graphine's ghost
 28092 | Lair:1   | Killed Peloso's ghost
 28111 | Lair:1   | Identified the +7 flail of the Big Fish {spect, rN+ Str+2
                  | Int+2 Dex-2}
 29004 | Lair:4   | Killed Quickbrownfox's ghost
 29356 | D:12     | Paralysed by a floating eye for 3 turns
 29995 | D:11     | Killed an acid blob
 29996 | D:11     | Reached skill level 1 in Evocations
 30070 | D:11     | Killed an acid blob
 30412 | D:11     | Killed an acid blob
 30745 | D:11     | Killed an acid blob
 31134 | D:11     | Killed an acid blob
 31134 | D:11     | Identified the +3 plate armour of Okawaru's Esteem {Int+3}
                  | (Okawaru gifted it to you on level 11 of the Dungeon)
 31134 | D:11     | Received a gift from Okawaru
 31778 | D:11     | Killed MackTheFife's ghost
 32258 | Spider:1 | Entered Level 1 of the Spider Nest
 32644 | Spider:1 | Noticed Kirke
 32873 | Lair:2   | Killed Kirke
 33609 | Spider:1 | Noticed Roxanne
 33745 | Spider:1 | Killed Roxanne
 33992 | Spider:1 | Noticed Louise
 34014 | Spider:1 | Killed Louise
 34251 | Swamp:1  | Entered Level 1 of the Swamp
 34359 | Swamp:1  | Noticed Banquo's ghost (journeyman DEFE)
 35785 | Swamp:1  | Found a runed translucent door.
 35937 | Swamp:1  | Killed Banquo's ghost
 37009 | Spider:2 | Noticed Donald
 37466 | Spider:2 | Identified the +3 great sword "Teetz" {antimagic, +Blink
                  | rElec rC+ Str-2}
 37704 | Spider:2 | Killed Donald
 38795 | Swamp:2  | Reached XP level 18. HP: 169/170 MP: 19/19
 39200 | Swamp:3  | Identified the +8 spear "Ocoenine" {antimagic, Drain +Blink
                  | Dex+5}
 39578 | Swamp:3  | Noticed a tentacled monstrosity
 39591 | Swamp:3  | Killed a tentacled monstrosity
 40115 | Swamp:3  | Identified the ring of Dete {rCorr Str+3 Stlth+}
 40695 | Swamp:4  | Entered Level 4 of the Swamp
 42076 | Swamp:3  | Received a gift from Okawaru
 42428 | Swamp:3  | HP: 4/171 [constriction (9)]
 42440 | Swamp:3  | Demolished by a tyrant leech

Illustrated notes

Levels and vault maps discovered:
D:1:      saegor_arrival_under_anarchy, layout_loops_ring,
          hellmonk_ecumenical_altar_run_dry, serial_shops, shop
D:2:      layout_basic, basic_altar, uniq_terence
D:3:      layout_basic, slow_altar_2, minmay_circle_x, uniq_robin, uniq_natasha
D:4:      layout_basic, minmay_temple_entry_grid,
          nicolae_concentric_dashed_squares_mild, uniq_menkaure, uniq_duvessa,
          uniq_sigmund
D:5:      layout_basic, mainiacjoe_overflow_alcove_2, uniq_pikel, uniq_ijyb,
          uniq_blork_the_orc
D:6:      layout_basic, nicolae_ossuary_entry_monument, serial_shops,
          shop_fountains, uniq_crazy_yiuf_cottage
D:7:      layout_rooms
D:8:      layout_basic, nicolae_vehumet_altar_sigil, uniq_gastronok
D:9:      layout_roguey, lemuel_coloured_pillars_altar, minitemple,
          dpeg_oklobed_lair
D:10:     layout_loops_cross, hiddenorc2_lemuel, enter_bailey_4,
          grunt_decor_fettered, uniq_josephine
D:11:     layout_irregular_city, enter_trove_3, nzn_wu_jian_council_hall
D:12:     layout_basic, gammafunk_ghost_ooze, nicolae_specific_store
D:13:     layout_roguey [special_room_orc], erik_vaults_2,
          nicolae_shop_overcharged_wands
D:14:     minmay_dotted_concentric_squares, layout_cave_pools,
          kennysheep_minor_cross, nicolae_uskayaw_murder_on_the_dancefloor
D:15:     hangedman_depths_entry_civil_slaughter, layout_long_grid,
          minivault_19, minmay_shattered_shrine
Temple:   nicolae_temple_two_arcs
Lair:1:   layout_small_grid, gammafunk_ghost_cemetery, wad_woods_03
Lair:2:   layout_concentric_octagons, dummy_spider_entry, beast_lair_carwin_8
Lair:3:   layout_big_grid, skrybe_swamp_entry_bodies
Lair:4:   layout_cave_pods, gammafunk_ghost_arena
Lair:5:   grunt_lair_end_beastmaster, layout_loops_ring, slime_entry_1,
          minmay_lair_drake_nest, serial_bayou_shore_a
Swamp:1:  layout_basic_swamp, hellmonk_ghost_happy_afterlife,
          hangedman_swamp_blocks, hangedman_swamp_phenomena,
          infiniplex_staircase_pool_2
Swamp:2:  layout_basic_swamp, nicolae_swamp_trees_clearing
Swamp:3:  layout_basic_swamp, nicolae_swamp_small_spring, swamp_pool1
Swamp:4:  swamp_alternative, layout_basic_swamp, swamp_pool1
Spider:1: layout_spider_delve, nicolae_spider_webbed_stairs, uniq_roxanne,
          uniq_louise, uniq_kirke
Spider:2: layout_chambers, uniq_donald
Orc:1:    layout_diamond_mine, guppyfry_library_mini
Orc:2:    st_orc_ogre_mass, layout_diamond_mine, basic_altar, uniq_nessos,
          uniq_snorg

Skill      XL: |  1  2  3  4  5  6  7  8  9 10 11 12 13 14 15 16 17 18 |
---------------+-------------------------------------------------------+-----
Armour         | 4 5 6 7 8 9 10 12 14 15 16 17 18 | 18.0
Fighting       | 4 5 6 7 8 10 12 13 14 15 16 17 | 17.6
Shields        | 4 5 6 8 9 11 13 15 17 19 20 | 20.8
Long Blades    | 3 4 5 6 8 10 12 14 15 16 17 18 20 | 20.5
Dodging        | 1 2 3 4 5 6 8 |  8.2
Invocations    | 1 2 3 |  3.6
Stealth        | 1 2 3 |  3.9
Maces & Flails | 2 |  2.2
Evocations     | 1 |  1.2

Action                     |  1- 3 |  4- 6 |  7- 9 | 10-12 | 13-15 | 16-18 || total
---------------------------+-------+-------+-------+-------+-------+-------++-------
  Melee: Long sword        |    79 |   156 |   373 |   222 |       |       ||   830
         Headbutt          |    13 |    26 |    74 |   239 |   365 |   430 ||  1147
         Scimitar          |       |       |       |   336 |       |       ||   336
         Falchion          |       |       |       |   359 |  1278 |  1437 ||  3074
         Whip              |       |       |       |       |    16 |       ||    16
         Unarmed           |       |       |       |       |       |     1 ||     1
 Invoke: Heroism           |       |       |     4 |     4 |    14 |    31 ||    53
  Evoke: Wand              |       |       |     3 |       |       |     7 ||    10
    Use: Scroll            |     3 |     2 |    13 |     8 |     5 |     6 ||    37
         Potion            |     1 |       |       |       |     3 |     3 ||     7
   Stab: Petrified         |       |       |       |       |     8 |       ||     8
         Petrifying        |       |       |       |       |     4 |       ||     4
 Armour: Scale mail        |    42 |     9 |       |       |       |       ||    51
         Chain mail        |       |    54 |   118 |   145 |       |       ||   317
         Plate armour      |       |       |       |   174 |   519 |   253 ||   946
         Swamp dragon scal |       |       |       |       |       |   205 ||   205
  Dodge: Dodged            |    35 |    85 |   156 |   379 |   545 |   574 ||  1774
  Block: Buckler           |    20 |    44 |    73 |   221 |   713 |   298 ||  1369
         Reflection        |       |       |       |       |    40 |    19 ||    59
         Tower shield      |       |       |       |       |       |   351 ||   351
         Kite shield       |       |       |       |       |       |   571 ||   571
         Other             |       |       |       |       |       |     1 ||     1
